Map: Polka LE

Players

qqq

  • Race: Zerg Zerg
  • Spawn Location: 5:00

Massa

  • Race: Terran Terran
  • League: Platinum
  • Spawn Location: 5:00

BakKutTeh - Winner!

  • Race: Terran Terran
  • Spawn Location: 11:00

Nessbih - Winner!

  • Race: Terran Terran
  • Spawn Location: 11:00

VOD

Have the link to the VOD?

Description

Time

  • Played on: Nov. 5, 2020, 4:11 p.m.
  • Length: 13:40
Show
View Real Time Build Order
Export as new Build Order

qqq Zerg 

Build Orders: Hatch First, Muta Ling Bane 

Get SALT Encoding   

  12  0:01  Drone  
  13  0:08  Drone  
  14  0:36  Hatchery  
  14  0:39  Drone  
  14  0:57  Spawning Pool  
  14  1:03  Overlord  
  13  1:09  Drone  
  14  1:18  Extractor  
  13  1:28  Drone  
  13  1:29  Drone x2  
  16  1:37  Extractor  
  15  1:40  Drone  
  15  1:46  Queen  
  18  1:49  Drone  
  18  1:53  Drone  
  20  1:59  Drone  
  21  2:02  Drone  
  22  2:09  Drone  
  22  2:12  Drone  
  24  2:21  Metabolic Boost  
  24  2:23  Drone  
  24  2:27  Drone  
  26  2:32  Queen  
  28  2:38  Overlord  
  28  2:45  Overlord  
  28  2:55  Overlord  
  28  3:01  Zergling x6  
  28  3:02  Baneling Nest  
  30  3:15  Zergling x2  
  30  3:17  Zergling x4  
  30  3:18  Zergling x2  
  34  3:26  Zergling x2  
  35  3:29  Overlord  
  35  3:33  Zergling x6  
  38  3:39  Zergling x2  
  38  3:40  Zergling x2  
  40  3:57  Zergling x4  
  40  3:59  Drone, Zergling x4  
  45  4:06  Zergling x2  
  46  4:11  Drone  
  46  4:12  Zergling x2  
  47  4:19  Hatchery  
  38  5:02  Lair  
  38  5:03  Drone x3  
  38  5:05  Zergling x10  
  38  5:06  Zergling x2  
  44  5:25  Drone x2  
  44  5:26  Zergling x2  
  47  5:37  Hatchery  
  47  5:40  Drone x4  
  47  5:41  Extractor  
  49  5:45  Drone x5  
  49  5:47  Drone  
  55  5:51  Hatchery  
  54  5:59  Drone x2, Evolution Chamber  
  54  6:02  Evolution Chamber  
  54  6:04  Centrifical Hooks  
  54  6:10  Overlord  
  54  6:11  Drone  
  54  6:12  Drone  
  54  6:13  Drone  
  54  6:14  Baneling  
  57  6:19  Drone x3  
  57  6:22  Baneling x3  
  57  6:23  Baneling  
  60  6:33  Spine Crawler x2  
  44  6:54  Drone x5, Spire  
  45  6:55  Drone x5  
  45  6:58  Spore Crawler  
  45  7:01  Spore Crawler  
  49  7:05  Spore Crawler  
  49  7:07  Spore Crawler  
  44  7:10  Spore Crawler  
  25  7:23  Drone x3  
  25  7:24  Drone x3  
  31  7:31  Spine Crawler  
  30  7:37  Spore Crawler  
  30  7:39  Spore Crawler  
  30  7:41  Drone  
  30  7:43  Drone  
  30  7:48  Drone x2  
  32  7:52  Drone  
  30  8:05  Drone x3  
  32  8:06  Drone x2  
  32  8:07  Drone  
  35  8:16  Corruptor  
  36  8:24  Corruptor  
  38  8:27  Corruptor  
  38  8:32  Mutalisk  
  42  8:36  Drone x2  
  44  8:43  Infestation Pit  
  44  8:45  Mutalisk  
  45  8:54  Drone x3  
  48  8:56  Drone x2  
  50  9:07  Drone x4  
  54  9:17  Hatchery  
  54  9:21  Overseer  
  53  9:24  Hive  
  53  9:26  Drone  
  52  9:35  Drone x2  
  52  9:37  Spore Crawler  
  53  9:40  Drone  
  53  9:41  Drone x3  
  53  9:42  Spine Crawler  
  56  9:47  Drone x3  
  56  9:50  Mutalisk  
  58  10:04  Drone x5  
  58  10:06  Corruptor  
  63  10:08  Corruptor  
  67  10:20  Drone x3  
  67  10:21  Drone  
  71  10:23  Queen  
  71  10:28  Drone x2  
  77  10:31  Extractor  
  77  10:33  Extractor, Queen  
  77  10:38  Corruptor  
  77  10:41  Drone  
  77  10:42  Drone x4  
  84  10:44  Mutalisk  
  76  11:05  Drone  
  76  11:06  Drone x3  
  80  11:32  Spine Crawler, Spore Crawler  
  78  11:33  Overlord x3  
  78  11:34  Spine Crawler, Overlord x3  
  77  11:46  Drone x3  
  80  11:49  Hatchery  
  79  11:56  Greater Spire  
  79  11:57  Corruptor  
  79  11:58  Mutalisk, Corruptor  
  85  12:07  Drone x2  
  85  12:08  Drone x5  
  92  12:13  Drone x3  
  92  12:15  Hatchery, Corruptor  
  94  12:25  Mutalisk  
  94  12:26  Drone  
  94  12:27  Drone x2  
  99  12:43  Corruptor  
  101  12:45  Drone x7  
  101  12:46  Drone  
  109  13:02  Extractor  
  109  13:03  Extractor  
  107  13:09  Brood Lord  
  107  13:16  Drone x2  
  107  13:17  Drone  
Show
View Real Time Build Order
Export as new Build Order

Massa Terran 

Build Orders:  

Get SALT Encoding   

  12  0:00  SCV  
  13  0:12  SCV  
  14  0:24  SCV, Supply Depot  
  15  0:29  Refinery  
  15  0:45  SCV  
  15  0:46  Barracks  
  16  0:57  SCV  
  17  1:09  SCV  
  18  1:25  SCV  
  19  1:36  Factory  
  19  1:37  SCV  
  19  1:38  Marine  
  21  1:52  Orbital Command  
  21  1:56  Marine  
  21  1:58  Supply Depot  
  22  2:06  Barracks  
  22  2:14  Marine  
  22  2:41  Command Center  
  22  2:44  Reaper  
  22  2:50  Hellion  
  25  3:04  Barracks Tech Lab  
  25  3:12  Hellion  
  27  3:18  Starport  
  27  3:27  Supply Depot  
  27  3:29  SCV  
  28  3:41  SCV  
  28  3:42  Hellion  
  31  3:53  Stimpack  
  31  4:01  Orbital Command  
  31  4:03  SCV  
  31  4:04  Widow Mine  
  31  4:06  Barracks Reactor  
  34  4:15  SCV  
  29  4:49  Widow Mine  
  29  4:53  Marauder, Marine x2  
  29  4:55  Medivac  
  35  5:01  SCV x2  
  35  5:06  Refinery  
  37  5:07  Refinery  
  37  5:11  Marine x2  
  37  5:13  SCV x2  
  43  5:15  Marauder  
  45  5:23  Engineering Bay  
  45  5:25  SCV x2  
  43  5:39  SCV x2  
  45  5:49  Widow Mine  
  47  5:51  SCV x2, Combat Shield  
  47  5:53  Marauder, Marine x2  
  47  5:57  Barracks  
  53  5:59  Command Center  
  53  6:00  Terran Infantry Weapons Level 1  
  53  6:01  Refinery  
  53  6:04  Missile Turret  
  53  6:11  Marine  
  54  6:25  Missile Turret  
  54  6:28  Supply Depot  
  54  6:29  Supply Depot  
  54  6:31  Supply Depot  
  54  6:46  Barracks Tech Lab  
  54  6:49  Marine x2  
  54  6:50  Marauder  
  54  6:52  Factory  
  58  7:05  Missile Turret  
  58  7:07  Marine x2, Missile Turret  
  60  7:11  Marauder x2  
  61  7:25  Marine  
  59  7:32  Marauder  
  59  7:33  Marauder  
  59  7:34  Marine  
  62  7:43  Marine  
  63  7:44  Factory Tech Lab  
  63  7:52  Marine  
  63  7:54  Terran Infantry Armor Level 1, Marauder x2  
  68  8:01  Marine  
  68  8:04  Concussive Shells  
  69  8:09  Cyclone  
  69  8:11  Mag-Field Accelerator  
  72  8:13  Starport Reactor  
  72  8:15  Marauder  
  64  8:50  Marine x4  
  65  9:01  Cyclone  
  68  9:08  Marine x4  
  72  9:16  Armory  
  72  9:17  Viking x2  
  76  9:26  SCV  
  76  9:27  Supply Depot  
  76  9:28  Supply Depot  
  76  9:29  Supply Depot  
  77  9:31  Supply Depot  
  77  9:33  Orbital Command  
  77  9:48  SCV, Marine x3, Viking x2  
  77  9:49  Cyclone  
  77  9:51  Missile Turret  
  88  9:54  Missile Turret  
  88  9:56  SCV  
  89  10:00  SCV  
  90  10:08  Terran Infantry Armor Level 2, SCV  
  90  10:11  Engineering Bay  
  90  10:12  SCV  
  92  10:18  Viking  
  92  10:20  SCV  
  95  10:25  SCV  
  96  10:33  SCV  
  96  10:37  Orbital Command, Factory Tech Lab, SCV  
  97  10:45  SCV, Viking  
  97  10:49  SCV  
  101  10:53  Starport  
  100  10:57  SCV  
  101  11:47  Starport Tech Lab  
  101  12:06  Supply Depot x4  
  101  12:08  Supply Depot  
  101  12:12  Supply Depot  
  101  12:27  Raven, Marine x4, Medivac, Siege Tank, SCV x2, Viking  
  101  12:28  SCV, Siege Tank  
  101  12:29  Supply Depot  
  120  12:30  Supply Depot x2  
  120  12:32  Missile Turret  
  120  12:35  Missile Turret  
  120  12:39  SCV x2  
  120  12:40  SCV  
  123  12:44  Missile Turret x2  
  123  12:45  Marine x4  
  127  12:51  SCV x2  
  127  12:52  SCV  
  127  12:57  Medivac x2  
  134  12:59  Siege Tank  
  134  13:03  Marine x2  
  134  13:04  SCV x2  
Show
View Real Time Build Order
Export as new Build Order

BakKutTeh Terran - Winner!

Build Orders: Reaper Expand 

Get SALT Encoding   

  12  0:00  SCV  
  13  0:12  SCV  
  14  0:17  Supply Depot  
  14  0:24  SCV  
  15  0:39  SCV  
  15  0:41  Barracks  
  16  0:47  Refinery  
  16  0:51  SCV  
  17  1:03  SCV  
  18  1:15  SCV  
  19  1:31  Orbital Command  
  19  1:32  Reaper  
  20  1:47  Command Center  
  20  1:57  SCV  
  21  2:04  Marine  
  22  2:09  Factory  
  22  2:19  Supply Depot  
  22  2:24  SCV  
  23  2:32  Barracks Reactor  
  23  2:40  SCV  
  24  2:45  Refinery  
  24  2:53  SCV  
  25  3:02  Orbital Command  
  25  3:05  SCV  
  25  3:17  SCV  
  25  3:18  Starport, Hellion x2  
  25  3:19  Marine  
  31  3:29  SCV x2  
  33  3:39  Hellion x2  
  33  3:40  Supply Depot  
  38  3:41  SCV x2  
  38  3:48  Supply Depot  
  39  3:52  Barracks Tech Lab  
  39  3:53  SCV x2  
  41  3:55  Fusion Core  
  41  4:01  Starport Tech Lab  
  41  4:04  Hellion x2  
  41  4:05  SCV x2  
  47  4:11  Marine  
  48  4:17  SCV  
  48  4:18  SCV  
  48  4:29  SCV  
  48  4:30  SCV, Hellion  
  48  4:31  Hellion  
  54  4:41  SCV  
  54  4:42  SCV  
  56  4:53  Hellion x2  
  56  4:54  SCV  
  61  5:02  SCV  
  61  5:06  SCV  
  61  5:08  Stimpack  
  61  5:10  Supply Depot x2  
  61  5:13  Barracks  
  61  5:15  Battlecruiser  
  61  5:16  Barracks  
  61  5:20  Marine  
  68  5:33  SCV  
  68  5:34  SCV  
  70  5:39  Refinery  
  70  5:41  Refinery, Marine, Command Center  
  71  5:45  Factory Tech Lab  
  71  5:46  SCV x2  
  71  5:47  Supply Depot  
  73  5:50  Supply Depot  
  73  5:56  Engineering Bay  
  73  5:57  Engineering Bay  
  73  5:58  SCV x2  
  73  5:59  Marine  
  76  6:06  Barracks Reactor x2  
  76  6:10  SCV x2  
  78  6:13  Siege Tank  
  78  6:16  Marine  
  82  6:22  SCV x2  
  82  6:24  Terran Infantry Armor Level 1, Terran Infantry Weapons Level 1  
  84  6:34  SCV x2, Marine, Supply Depot  
  84  6:35  Supply Depot  
  87  6:45  Marine x2  
  87  6:46  Marine x2  
  87  6:47  Siege Tank  
  94  6:52  SCV x2, Marine  
  97  7:03  Marine x3  
  97  7:04  Orbital Command, SCV x2  
  102  7:12  Marine x2  
  104  7:16  SCV x2  
  104  7:21  Marine x3  
  104  7:22  Siege Tank  
  106  7:30  Marine x2  
  100  7:39  Marine x3, Combat Shield  
  100  7:41  Armory  
  103  7:46  SCV x2  
  103  7:48  Starport Reactor, Marine x2  
  103  7:49  Orbital Command  
  108  7:58  SCV x2  
  108  8:02  Marine  
  108  8:03  Marine x2  
  115  8:05  Marine  
  115  8:06  Marine  
  115  8:10  SCV x2  
  119  8:15  SCV  
  119  8:19  Siege Tank  
  120  8:20  Barracks, Marine x3  
  120  8:22  SCV x2, Barracks  
  120  8:23  Marine  
  126  8:27  SCV  
  126  8:29  Medivac x2  
  126  8:31  Terran Infantry Weapons Level 2  
  131  8:34  SCV  
  131  8:35  Terran Infantry Armor Level 2  
  131  8:40  Marine  
  133  8:47  Marine  
  133  8:48  SCV  
  135  8:49  Supply Depot  
  135  8:51  Supply Depot  
  135  8:54  Refinery  
  135  8:56  Refinery  
  135  8:58  SCV  
  135  8:59  SCV  
  135  9:00  SCV  
  138  9:05  Marine x3  
  141  9:10  SCV, Marine  
  141  9:11  SCV  
  141  9:12  SCV  
  141  9:13  Barracks Reactor, Barracks Tech Lab  
  141  9:14  Siege Tank  
  148  9:17  Factory  
  148  9:24  Medivac x2  
  148  9:29  Marine x5  
  157  9:34  Command Center  
  157  9:35  Terran Vehicle Weapons Level 1  
  157  9:36  Concussive Shells  
  157  10:09  Missile Turret, Supply Depot  
  157  10:11  Missile Turret  
  157  10:15  Missile Turret  
  157  10:17  Missile Turret  
  157  10:18  Missile Turret x2  
  157  10:20  Factory Tech Lab  
  157  10:21  Missile Turret  
  157  10:27  Barracks x2  
  157  10:30  Barracks, Marine x4  
  157  10:31  Marauder x2  
  165  10:45  Marine x2, Viking x2, Siege Tank x2  
  165  10:47  Supply Depot  
  176  10:50  Supply Depot  
  176  10:52  Marauder x2  
  180  11:08  Marine x6  
  186  11:13  Marauder x2  
  186  11:17  Siege Tank x2  
  193  11:26  Marine x3  
  196  11:49  Supply Depot  
  196  11:50  Supply Depot  
  196  12:08  Planetary Fortress  
  196  12:11  Viking x2  
  200  12:17  Command Center  
  200  12:19  Refinery  
  200  12:29  Refinery  
  200  13:03  Marine  
  200  13:09  Marauder  
  200  13:12  Marauder  
  184  13:20  Marine x5  
Show
View Real Time Build Order
Export as new Build Order

Nessbih Terran - Winner!

Build Orders: 2 Factory, Reaper Expand 

Get SALT Encoding   

  12  0:00  SCV  
  13  0:12  SCV  
  14  0:17  Supply Depot  
  14  0:24  SCV  
  15  0:39  SCV, Barracks  
  16  0:44  Refinery  
  16  0:51  SCV  
  17  1:03  SCV  
  18  1:19  SCV  
  19  1:30  Reaper  
  19  1:31  Orbital Command  
  20  1:45  Command Center  
  20  1:59  SCV  
  20  2:00  Supply Depot  
  21  2:03  Marine  
  22  2:10  Factory  
  22  2:11  SCV  
  23  2:23  SCV  
  23  2:27  Marine  
  25  2:35  SCV  
  26  2:42  Refinery  
  26  2:45  Marine  
  26  2:47  SCV  
  28  2:55  Factory Reactor  
  28  2:58  Orbital Command  
  28  2:59  SCV  
  28  3:02  Factory  
  28  3:07  Refinery  
  28  3:11  SCV  
  29  3:14  Marine  
  30  3:23  SCV  
  30  3:25  SCV  
  32  3:35  SCV, Armory  
  32  3:36  Widow Mine x2  
  32  3:37  SCV  
  38  3:47  SCV  
  39  3:49  Engineering Bay  
  39  3:51  Widow Mine  
  39  3:52  SCV  
  42  4:00  Starport, SCV, Widow Mine  
  45  4:05  Supply Depot  
  45  4:09  Supply Depot  
  45  4:16  SCV  
  46  4:25  SCV  
  46  4:26  Widow Mine  
  46  4:28  SCV  
  49  4:38  SCV  
  45  4:45  SCV  
  45  4:47  Viking  
  48  4:58  SCV  
  48  5:03  Widow Mine x2  
  48  5:04  SCV  
  48  5:05  Factory Tech Lab  
  53  5:10  SCV  
  53  5:13  Refinery  
  54  5:16  SCV  
  54  5:17  Viking  
  57  5:30  SCV  
  57  5:33  Missile Turret  
  58  5:36  Supply Depot  
  58  5:38  Supply Depot  
  58  5:39  SCV  
  58  5:40  Widow Mine  
  61  5:43  SCV, Terran Vehicle And Ship Armor Level 1  
  61  5:46  Supply Depot  
  61  5:47  Supply Depot  
  62  5:57  Viking  
  62  5:58  Widow Mine x2, SCV  
  62  6:01  Widow Mine  
  71  6:04  Supply Depot  
  71  6:05  SCV, Command Center  
  72  6:18  SCV x2  
  74  6:23  Widow Mine x3  
  80  6:27  Supply Depot x2  
  80  6:30  SCV x2  
  82  6:42  Viking  
  82  6:43  SCV x2  
  86  6:57  Command Center  
  86  7:06  Widow Mine x3  
  92  7:08  Starport  
  92  7:10  Starport  
  92  7:12  Viking  
  92  7:14  Supply Depot  
  92  7:15  Supply Depot  
  94  7:19  Armory  
  94  7:32  SCV x2  
  94  7:36  Missile Turret  
  96  7:37  Widow Mine x3, Refinery  
  96  7:39  Refinery  
  96  7:42  Fusion Core  
  102  7:45  Starport Tech Lab, Supply Depot  
  102  7:59  Widow Mine  
  102  8:04  SCV  
  103  8:10  Starport Tech Lab x2  
  103  8:13  Terran Vehicle And Ship Armor Level 2, Terran Ship Weapons Level 1  
  103  8:21  Planetary Fortress  
  103  8:22  SCV  
  103  8:23  SCV  
  103  8:24  Orbital Command  
  105  8:32  Battlecruiser x2  
  105  8:33  Sensor Tower  
  117  8:34  SCV  
  117  8:35  SCV  
  117  8:36  Weapon Refit  
  117  8:41  Supply Depot  
  117  8:42  Widow Mine x2, Supply Depot  
  117  8:47  SCV  
  120  8:58  Battlecruiser  
  126  9:05  SCV x2, Command Center  
  126  9:06  SCV  
  127  9:21  Widow Mine x2  
  127  9:22  Widow Mine  
  133  9:36  Battlecruiser  
  133  9:38  Orbital Command  
  139  9:43  Widow Mine, Battlecruiser  
  147  10:00  Widow Mine x2  
  147  10:01  Orbital Command  
  147  10:04  Widow Mine  
  147  10:06  Missile Turret  
  151  10:09  Missile Turret  
  151  10:11  Missile Turret  
  151  10:12  Missile Turret x2  
  151  10:15  Missile Turret x3  
  151  10:16  Missile Turret  
  151  10:17  Missile Turret x2  
  151  10:18  Missile Turret  
  151  10:19  Terran Ship Weapons Level 2  
  151  10:33  Command Center  
  151  10:35  Battlecruiser  
  155  10:44  Starport  
  153  11:04  Refinery  
  153  11:06  Orbital Command  
  153  11:08  Missile Turret  
  153  11:10  Missile Turret  
  153  11:11  Refinery  
  153  11:14  Battlecruiser  
  159  11:22  Starport Tech Lab  
  157  11:28  SCV  
  154  11:56  Widow Mine x2  
  154  11:57  Widow Mine  
  154  11:58  Battlecruiser x2  
  154  12:00  Planetary Fortress  
  170  12:18  Widow Mine  
  176  12:23  Battlecruiser x2  
  182  12:33  Widow Mine x2  
  186  12:39  Widow Mine  
  186  12:40  Starport  
Tags
 
Add a new tag
Caveats
  • Supply blocks, unpowered buildings, or Contaminate may cause inaccurate times.
  • Supply counts are checked every 10 seconds.